 Dungeon Crawl Stone Soup version 0.27-a0-797-g27d10ad80f (webtiles) character file.

Game seed: 1441178345137757908

63 Hasart the Sneak (level 4, -4/24 HPs)
             Began as a Kobold Enchanter on Mar 27, 2021.
             Slain by Natasha (8 damage)
             ... on level 2 of the Dungeon.
             The game lasted 00:02:16 (2010 turns).

Hasart the Sneak (Kobold Enchanter)                 Turns: 2010, Time: 00:02:16

Health: -4/24      AC:  2    Str:  5    XL:     4   Next: 31%
Magic:  2/7        EV: 15    Int: 17    God:
Gold:   114        SH:  0    Dex: 15    Spells: 1/7 levels left

rFire    . . .     SeeInvis .   a - +1 dagger
rCold    . . .     Faith    .   (shield restricted)
rNeg     . . .     Spirit   .   b - +0 robe
rPois    .         Reflect  .   (no helmet)
rElec    .         Harm     .   (no cloak)
rCorr    .         Rampage  .   (no gloves)
Will     .....                  (no boots)
Stlth    ++++......             (no amulet)
HPRegen  0.08/turn              (no ring)
MPRegen  0.10/turn              (no ring)

@: no status effects
A: small, no large weapons, nightstalker 3
a: no special abilities


You were on level 2 of the Dungeon.
You visited 1 branch of the dungeon, and saw 2 of its levels.

You collected 114 gold pieces.

Inventory:

Hand Weapons
 a - a +1 dagger (weapon)
Armour
 b - a +0 robe (worn)
Scrolls
 c - 3 scrolls of teleportation {unknown}
 e - a scroll of amnesia {unknown}
 f - a scroll of enchant armour {unknown}
 h - a scroll of summoning {unknown}
Potions
 d - a potion of curing {unknown}
 g - 2 potions of flight {unknown}
 i - a potion of lignification {unknown}


   Skills:
 + Level 2.4 Short Blades
 - Level 2.6 Dodging
 - Level 4.0 Stealth
 - Level 2.3 Spellcasting
 * Level 3.8 Hexes
 * Level 1.6 Ice Magic


You had one spell level left.
You knew the following spells:

 Your Spells              Type           Power      Damage    Failure   Level
a - Corona                Hex            16%        N/A       3%          1
b - Ensorcelled Hibernat  Hex/Ice        22%        N/A       9%          2
c - Tukima's Dance        Hex            15%        N/A       12%         3

Your spell library contained the following spells:

 Spells                   Type           Power      Damage    Failure   Level
 Confusing Touch          Hex            15%        N/A       12%         3
 Dazzling Flash           Conj/Hex       16%        N/A       26%         3


Dungeon Overview and Level Annotations

Branches:
Dungeon (2/15)

Altars:

Annotations:
D:2 Natasha


Innate Abilities, Weirdness & Mutations

You are small and have problems with some larger weapons.
You are completely attuned to the shadows.


Message History

Press: ? - help, Shift-Dir - straight line, f - you, p - Natasha That would be overly suicidal.
Okay, then.
Casting: Ensorcelled Hibernation (safe; 9% risk of failure)
Confirm with . or Enter, or press ? or * to list all spells.
Aiming: Ensorcelled Hibernation (safe; 9% risk of failure)
Press: ? - help, Shift-Dir - straight line, f - Natasha
Aim: Natasha, carrying a wand of random effects (23) (not susceptible) Natasha is unaffected.
Natasha barely misses you.
Casting: Ensorcelled Hibernation (safe; 9% risk of failure)
Confirm with . or Enter, or press ? or * to list all spells.
Aiming: Ensorcelled Hibernation (safe; 9% risk of failure)
Press: ? - help, Shift-Dir - straight line, f/p - Natasha
Aim: Natasha, carrying a wand of random effects (23) (not susceptible) Natasha is unaffected.
Natasha casts a spell at you. The magic dart hits you!
You closely miss Natasha.
Natasha mumbles some strange words.
You feel disoriented. Natasha barely misses you.
You hit Natasha.
Natasha is lightly wounded.
Natasha completely misses you.
You hit Natasha.
Natasha is moderately wounded.
Natasha claws you!
You hit Natasha but do no damage.
Natasha is moderately wounded.
You hit Natasha.
Natasha is moderately wounded.
Natasha barely misses you.
You hit Natasha.
Natasha is heavily wounded.
Natasha claws you!
* * * LOW HITPOINT WARNING * * *
You hit Natasha.
Natasha is severely wounded.
Natasha claws you!
You die...

#.......# #.######## #.# #####
#.# #.... ######## ######.#
#.### ...†...# #....#.# #.# #
.......######....#.####.###
.............^...'.........
#########.@......#.####.###
######........h....<.#.#....###
#........#[..........#.........
#...)....#...........#.#.####..
#........#.......)...###.# #...
#........#...........# #.# #..#
#........#.##........# #.###..#
########.#.#####.....###......#
#.#................##.##


You could see Natasha.

Vanquished Creatures
  Natasha (D:2)
  2 dart slugs
  An orc (D:2)
  4 bats
  5 endoplasms
  2 giant cockroaches
  2 goblins
  2 hobgoblins
  2 jackals (D:2)
  4 kobolds (D:2)
  A quokka (D:2)
  A frilled lizard (D:2)
  4 rats
31 creatures vanquished.

Notes
Turn   | Place    | Note
-------+----------+-------------------------------------------
     0 | D:1      | Hasart the Kobold Enchanter began the quest for the Orb.
     0 | D:1      | Reached XP level 1. HP: 10/10 MP: 3/3
   194 | D:1      | Reached XP level 2. HP: 15/15 MP: 5/5
   684 | D:1      | Learned a level 2 spell: Ensorcelled Hibernation
   981 | D:2      | Reached XP level 3. HP: 19/19 MP: 6/6
  1255 | D:2      | Learned a level 3 spell: Tukima's Dance
  1555 | D:2      | Reached skill level 1 in Ice Magic
  1842 | D:2      | Noticed Natasha
  1845 | D:2      | Killed Natasha
  1846 | D:2      | Reached XP level 4. HP: 24/24 MP: 7/7
  1995 | D:2      | Noticed Natasha
  2010 | D:2      | Slain by Natasha

Illustrated notes

Levels and vault maps discovered:
D:1:      matt_arrival_refuge, layout_basic, minmay_misc_feat_doors
D:2:      layout_basic, uniq_natasha

Skill      XL: |  1  2  3 |
---------------+----------+-----
Short Blades   | 2 |  2.4
Ice Magic      | 1 |  1.6
Dodging        | |  2.6
Stealth        | |  4.0
Spellcasting   | |  2.3
Hexes          | |  3.8

Action                   |  1- 3 |  4- 6 || total
-------------------------+-------+-------++-------
Melee: Dagger            |    66 |     7 ||    73
 Cast: Corona            |     3 |       ||     3
       Ensorcelled Hiber |     3 |     3 ||     6
 Stab: Sleeping          |    22 |       ||    22
Armor: Robe              |     5 |       ||     5
Dodge: Dodged            |    36 |     4 ||    40

Table legend: (Time is in decaauts)
 A = Elapsed time spent in this place.
 B = Non-inter-level travel time spent in this place.
 C = Inter-level travel time spent in this place.
 D = Time resting spent in this place.
 E = Time spent auto-exploring this place.
 F = Levels seen in this place.
 G = Mean time per level.
                   A        B        C        D        E       F      G
               +--------+--------+--------+--------+--------+-----+--------+
         Total |   2003 |   1990 |     13 |      0 |   1797 |   2 | 1001.5 |
       Dungeon |   2003 |   1990 |     13 |      0 |   1797 |   2 | 1001.5 |
               +--------+--------+--------+--------+--------+-----+--------+

Top non-repeatable levels by time:
     D:2: 1141 daAuts
     D:1: 861 daAuts
